 Dungeon Crawl Stone Soup version 0.30.1-3-gfc49f6343a (webtiles) character file.

Game seed: 8815158209126969073

39 shmup the Firebug (level 3, -3/19 HPs)
             Began as a Tengu Fire Elementalist on July 30, 2023.
             Killed by nerve-wracking pain
             ... invoked by an orc priest
              (9 damage)
             ... on level 2 of the Dungeon.
             The game lasted 00:02:48 (1548 turns).

shmup the Firebug (Tengu Fire Elementalist)         Turns: 1548, Time: 00:02:48

Health: -3/19      AC:  2    Str:  8    XL:     3   Next: 45%
Magic:  3/7        EV: 12    Int: 17    God:
Gold:   74         SH:  0    Dex: 14    Spells: 3/6 levels left

rFire   . . .        f - +0 dagger
rCold   . . .        (no shield)
rNeg    . . .        a - +0 robe
rPois   .            (helmet restricted)
rElec   .            (no cloak)
rCorr   .            (no gloves)
SInv    .            (boots unavailable)
Will    .....        (no amulet)
Stlth   ++           (no ring)
HPRegen 0.23/turn    (no ring)
MPRegen 0.10/turn

%: no passive effects
@: no status effects
A: beak, talons 3
a: no special abilities


You were on level 2 of the Dungeon.
You visited 1 branch of the dungeon, and saw 2 of its levels.

You collected 74 gold pieces.

Inventory:

Hand Weapons
 f - a +0 dagger (weapon)
 h - a +0 sling
Missiles
 c - 20 stones
Armour
 a - a +0 robe (worn)
Scrolls
 d - a scroll of amnesia {unknown}
 e - 2 scrolls of identify {unknown}
Potions
 b - a potion of magic
 g - a potion of cancellation {unknown}


   Skills:
 - Level 2.1 Dodging
 - Level 2.0 Stealth
 - Level 2.0 Spellcasting
 + Level 2.6 Conjurations
 * Level 4.4 Fire Magic


You had 3 spell levels left.
You knew the following spells:

 Your Spells              Type           Power      Damage    Failure   Level
a - Foxfire               Conj/Fire      52%        2x1d6     4%          1
b - Scorch                Fire           32%        2d6       4%          2

Your spell library contained the following spells:

 Spells                   Type           Power      Damage    Failure   Level
 Apportation              Tloc           2%         N/A       19%         1
 Necrotise                Necr           4%         1d4       19%         1
 Summon Small Mammal      Summ           4%         N/A       19%         1
 Inner Flame              Hex/Fire       9%         N/A       24%         3
 Volatile Blastmotes      Fire/Tloc      18%        2d11      24%         3
 Flame Wave               Conj/Fire      13%        2d6       41%         4


Dungeon Overview and Level Annotations

Branches:
Dungeon (2/15) Zot: 10450

Altars:


Innate Abilities, Weirdness & Mutations

You have a beak for a mouth.
You have claws for feet.


Message History

Confirm with . or Enter, or press ? or * to list all spells.
Flames lash the orc.
The orc is severely wounded.
The orc's fire resistance burns away.
The orc completely misses you.
Unknown command.
You hit the orc but do no damage. Your kick misses the orc.
The orc is severely wounded.
The orc hits you with a +0 whip.
* * * LOW HITPOINT WARNING * * *
Casting: Scorch (safe; 4% risk of failure)
Confirm with . or Enter, or press ? or * to list all spells.
Flames lash the orc.
The orc is burned terribly!
You kill the orc!
Unknown command.
Items here: ) [.
You start resting.
Magic restored.
You start resting.
HP restored.
There is a stone staircase leading down here.
You see here a +0 dagger.
There is a stone staircase leading down here.
You climb downwards.
There is a stone staircase leading up here.
Casting: Scorch (safe; 4% risk of failure)
Confirm with . or Enter, or press ? or * to list all spells.
Flames lash the orc.
You kill the orc!
Casting: Scorch (safe; 4% risk of failure)
Confirm with . or Enter, or press ? or * to list all spells.
Flames lash the orc priest.
The orc priest is heavily wounded.
The orc priest's fire resistance burns away.
The orc priest calls down the wrath of Beogh upon you.
Beogh smites you!
Ouch! That really hurt!
* * * LOW HITPOINT WARNING * * *
The orc priest mumbles some strange prayers to Beogh against you.
Pain shoots through your body!
You die...

▒.▒..▒▒.▒.o...▒
▒....▒▒.▒.....▒
.......▒▒.▒.▒o▒.▒
▒▒..▒▒▒▒▒.▒.....▒
▒.. ▒.▒.....▒ ▒..
▒o▒.▒.▒.▒ ▒.
▒<▒o....▒
▒.▒.....▒
▒Q▒.▒.▒.▒
▒.▒.....▒
▒.▒.....▒
▒.▒.▒.▒.▒
▒▒▒.$...▒ ▒.....▒
▒.▒.▒.▒ ▒.....▒
▒.[...▒


You could see an orc priest (combustible).

Vanquished Creatures
  2 worms (D:2)
  A dart slug (D:1)
  3 orcs
  3 ball pythons
  3 bats
  2 endoplasms
  2 giant cockroaches
  A hobgoblin (D:1)
  2 kobolds
  A quokka (D:1)
  3 goblins
  4 rats
27 creatures vanquished.

Vanquished Creatures (others)
  71 foxfires
71 creatures vanquished.

Grand Total: 98 creatures vanquished

Notes
Turn   | Place    | Note
-------+----------+-------------------------------------------
     0 | D:1      | shmup the Tengu Fire Elementalist began the quest for the
                  | Orb.
     0 | D:1      | Reached XP level 1. HP: 10/10 MP: 4/4
   253 | D:1      | Reached XP level 2. HP: 15/15 MP: 4/6
   256 | D:1      | Learned a level 2 spell: Scorch
   567 | D:1      | Reached skill level 4 in Fire Magic
  1170 | D:2      | Reached XP level 3. HP: 12/19 MP: 3/7
  1548 | D:2      | Killed from afar by an orc priest

Illustrated notes

Levels and vault maps discovered:
D:1:      ebering_hopf_link, layout_basic
D:2:      minmay_roachtagon, layout_loops_ring,
          hellmonk_ecumenical_altar_slurped_away, columned_hall_lemuel

Skill      XL: |  1  2 |
---------------+-------+-----
Conjurations   | 2 |  2.6
Fire Magic     | 4 |  4.4
Dodging        | |  2.1
Stealth        | |  2.0
Spellcasting   | |  2.0

Action                     || total
---------------------------++-------
  Melee: Dagger            ||     7
         Kick              ||     3
   Cast: Foxfire           ||    45
         Scorch            ||     4
 Armour: Robe              ||     2
  Dodge: Dodged            ||     9
